 Dungeon Crawl Stone Soup version 0.16-b1 (webtiles) character file.

541321 Tolias the Imperceptible (level 27, -9/125 HPs)
             Began as a Kobold Skald on Mar 15, 2015.
             Was a High Priest of Okawaru.
             Killed from afar by a mottled draconian knight (58 damage)
             ... with a shard of ice
             ... on level 5 of the Realm of Zot.
             The game lasted 04:27:22 (75770 turns).

Tolias the Imperceptible (Kobold Skald)            Turns: 75770, Time: 04:27:22

Health: -9/125     AC: 25    Str: 11 (12) XL:     27
Magic:  47/50      EV: 26    Int: 20      God:    Okawaru [*****.]
Gold:   244        SH: 10    Dex: 23      Spells: 13 memorised, 11 levels left

rFire  + + +     SeeInvis .     b - +8 quick blade (chaos) {god gift}
rCold  . . .     Clarity  .     k - +2 fire dragon armour
rNeg   . . .     SustAb   .     S - +2 buckler {AC+3}
rPois  +         Gourm    .     s - +2 helmet of the Echidna {god gift, rF+ MP+9}
rElec  +         Spirit   .     g - +2 cloak {+Inv} {god gift}
rCorr  .         Warding  .     I - +1 pair of gloves {Dex+3} {god gift}
rMut   .         Stasis   .     Y - +0 pair of boots of Ithraigei {god gift, rElec rPois rF- Int+3 Slay+5}
MR     ++...                    E - amulet of regeneration
Stlth  ++++++++..               l - ring of protection from fire
                                G - ring of protection from cold

@: very slightly contaminated, invisible, very resistant to hostile
enchantments, extraordinarily stealthy
A: carnivore 3, deformed body, deterioration 2, frail 3, screaming 1, placid
magic 2, MP-powered wands 1
a: Heroism, Finesse, Renounce Religion, Turn Visible
}: 3/15 runes: decaying, serpentine, silver


You were on level 5 of the Realm of Zot.
You worshipped Okawaru.
Okawaru was extremely pleased with you.
You were very full.

You visited 10 branches of the dungeon, and saw 55 of its levels.
You visited 1 bazaar.
You also visited: Labyrinth and Ice Cave.

You collected 6236 gold pieces.
You spent 5992 gold pieces at shops.

Inventory:

Hand weapons
 a - the +7 rapier "Lonti" {pain, rC- MR++ Int+2}
   (You took it off a vault guard on level 5 of the Vaults)

   In the hands of one skilled in necromantic magic, it inflicts extra damage on
   living creatures.
   It affects your intelligence (+2).
   It makes you vulnerable to cold.
   It affects your resistance to hostile enchantments.
 b - a +8 quick blade of chaos (weapon) {god gift}
 t - a +0 blowgun
Missiles
 A - 2 throwing nets (quivered)
 O - 12 curare-tipped needles
Armour
 g - a +2 cloak of invisibility (worn) {god gift}
 k - a +2 fire dragon armour (worn)
 s - the +2 helmet of the Echidna (worn) {god gift, rF+ MP+9}
   (Okawaru gifted it to you on level 2 of the Vaults)

   It protects you from fire.
   It affects your magic capacity (+9).
 I - a +1 pair of gloves of dexterity (worn) {god gift}
 S - a +2 buckler of protection (worn)
 Y - the +0 pair of boots of Ithraigei (worn) {god gift, rElec rPois rF- Int+3 Slay+5}
   (Okawaru gifted it to you on level 4 of the Depths)

   It affects your intelligence (+3).
   It affects your accuracy and damage with ranged weapons and melee attacks
   (+5).
   It makes you vulnerable to fire.
   It insulates you from electricity.
   It protects you from poison.
Rods
 e - a +8 rod of shadows (10/10) {!a}
   (You found it in a labyrinth)
 q - a +6 rod of inaccuracy (14/14) {!a}
   (You bought it in a shop in a bazaar)
 w - a +1 lightning rod (13/13)
   (You bought it in a shop on level 1 of the Orcish Mines)
Jewellery
 l - a ring of protection from fire (right hand)
 E - an amulet of regeneration (around neck)
 G - a ring of protection from cold (left hand)
 J - an uncursed amulet of faith
 Q - an uncursed ring of protection from cold
 R - an uncursed ring of see invisible {unknown}
 X - the ring "Lerhopri" {rElec MR+ Str-2 Int-5 Dex+6 Slay+3}
   (You found it on level 11 of the Dungeon)

   [ring of strength]

   It affects your strength (-2).
   It affects your intelligence (-5).
   It affects your dexterity (+6).
   It affects your accuracy and damage with ranged weapons and melee attacks
   (+3).
   It insulates you from electricity.
   It affects your resistance to hostile enchantments.
 Z - an uncursed ring of teleportation
Magical devices
 c - a wand of teleportation (6)
 f - a wand of digging (10)
 V - a wand of heal wounds (0)
Scrolls
 i - 3 scrolls of recharging
 m - a scroll of identify
 y - 7 scrolls of fog
 C - 10 scrolls of fear
 L - 20 scrolls of remove curse
 W - 2 scrolls of blinking
Potions
 j - 2 potions of resistance
 n - a potion of heal wounds
 o - 8 potions of restore abilities
 p - a potion of agility
 v - 17 potions of curing
 x - 2 potions of cure mutation
 B - 2 potions of cancellation
 F - 5 potions of magic
 H - 6 potions of haste
 K - 4 potions of might
 U - 10 potions of brilliance
Miscellaneous
 h - a sack of spiders {used: 8}
 u - a lamp of fire
 z - an ornate deck of destruction {the Orb, drawn: 6}
 M - a sack of spiders
 N - a fan of gales
 P - an ornate deck of defence {the Helm, drawn: 1}
 T - a phantom mirror
Comestibles
 d - 31 meat rations
 r - 7 beef jerkies


   Skills:
 + Level 20.2 Fighting
 - Level 14.6 Short Blades
 - Level 13.7 Armour
 - Level 19.7 Dodging
 - Level 21.3 Stealth
 - Level 7.0 Shields
 - Level 9.0 Spellcasting
 - Level 6.2 Hexes
 - Level 8.2 Charms
 - Level 11.7 Necromancy
 - Level 10.7 Translocations
 - Level 4.0 Air Magic
 - Level 8.1 Invocations
 + Level 20.0 Evocations


You had 11 spell levels left.
You knew the following spells:

 Your Spells              Type           Power        Failure   Level  Hunger
a - Apportation           Tloc           ####......   0%          1    None
b - Regeneration          Chrm/Necr      ###.......   1%          3    None
c - Shroud of Golubria    Chrm/Tloc      ###.......   0%          2    None
d - Vampiric Draining     Necr           ####......   0%          3    None
e - Control Undead        Necr           ####......   1%          4    ###....
f - Infusion              Chrm           ###...       0%          1    None
q - Blink                 Tloc           N/A          0%          2    None
s - Animate Dead          Necr           N/A          1%          4    ###....
t - Spectral Weapon       Hex/Chrm       ###.....     1%          3    None
v - Repel Missiles        Chrm/Air       ###...       1%          2    None
x - Animate Skeleton      Necr           N/A          0%          1    None
y - Passage of Golubria   Tloc           N/A          1%          4    ###....
z - Flight                Chrm/Air       ###.......   1%          3    None


Dungeon Overview and Level Annotations

Branches:
Dungeon (15/15)            Temple (1/1) D:4            Lair (8/8) D:10
  Swamp (5/5) Lair:3        Snake (5/5) Lair:5        Slime (0/6) Lair:6
    Orc (4/4) D:12            Elf (2/3) Orc:3        Vaults (5/5) D:13
  Crypt (0/3) Vaults:3     Depths (5/5) D:15            Zot (5/5) Depths:5

Altars:
Ashenzari
Cheibriados
Dithmenos
Gozag
Makhleb
Okawaru
Qazlal
Sif Muna
Trog
Xom
Zin
The Shining One

Shops:
Orc:1 }   Orc:4 :%(*   Snake:2 %:   Vaults:1 [   Vaults:2 [[(   Depths:1 (
Depths:3 (

Portals:
Hell: Depths:1 Depths:2 Depths:3 Depths:5
Abyss: Depths:1 Depths:4
Pandemonium: Orc:4 Depths:3
Ziggurat: Depths:4
Trove: Vaults:3 (give +3 storm dragon armour)

Annotations:
D:10 exclusion: upstairs, Erolcha
Lair:6 exclusions: ice statue and 1 more exclusion
Elf:2 Kirke
Depths:4 exclusions: giant eyeball, shining eye and 2 more exclusions


Innate Abilities, Weirdness & Mutations

You are small and have problems with some larger weapons.
You are carnivorous and can eat meat at any time.
Armour fits poorly on your strangely shaped body.
Your body is deteriorating.
You are extremely frail (-30% HP).
You occasionally shout uncontrollably at your foes.
Your spells are easier to cast, but less powerful.
You expend magic power (3 MP) to slightly strengthen your wands.


Message History

Unknown command.
Use which ability? (? or * to list)
You fail to use your ability.
The purple draconian hits you but does no damage.
Evoke which item? (* to show all) (? for menu, Esc to quit)
Okay, then.
Unknown command.
Drink which item? (? for menu, Esc to quit)
Okay, then.
Unknown command.
Use which ability? (? or * to list)
You fade into invisibility!
You are very lightly contaminated with residual magic.
You feel quite a bit less full.
The white draconian annihilator gestures wildly while chanting.
The white draconian annihilator blinks!
The grey draconian shifter misses you.
The grey draconian shifter tail-slaps you but does no damage.
The mottled draconian knight gestures at you while chanting.
The shard of ice hits you!
You die...

......qq....▓▓ *
.......d§*...▓▓ * , ,
.......Ld....§▓
..............▓ ,
..........q..▓▓ * ,
............▓▓ *** ,
..........▓▓
#▓▓▓▓▓▓▓▓▓▓▓##.....▓▓
###........q@.§.......##
##...^##......qd.^......##
####...###..................##
....{.###....................#
.8...## #.......^......^.....#
.....# #.........q..........#
§§..## #.....^..............#
w§..# #....................#
§§..## #.....^..............#


You could see a mottled draconian knight, a purple draconian, a grey draconian
shifter and a white draconian annihilator.

Vanquished Creatures
  5 orbs of fire (Zot:5)
  An ancient lich (Zot:5)
  Saint Roka (Swamp:4)
  A Killer Klown (Zot:5)
  4 golden dragons
  the Enchantress (Depths:2)
  2 electric golems
  Nikola (Snake:3)
  11 tentacled monstrosities
  2 liches
  7 Orb Guardians (Zot:5)
  5 titans (Vaults:5)
  A quicksilver dragon (Vaults:5)
  A thorn hunter (Swamp:5)
  4 sphinxes
  The ghost of timbw the Executioner, a mighty HOAM of Makhleb (Snake:5)
  4 storm dragons
  6 tengu reavers
  6 shadow dragons
  3 fire giants (Depths:4)
  15 frost giants
  4 greater nagas (Snake:5)
  Maud (Lair:8)
  An iron dragon (Vaults:5)
  Louise (D:15)
  2 draconian scorchers
  A draconian zealot (Zot:1)
  A draconian knight (Depths:5)
  6 emperor scorpions
  15 ironheart preservers
  13 vault wardens
  2 war gargoyles
  5 very ugly things
  4 draconian callers
  18 stone giants
  2 draconian shifters (Zot:5)
  3 spriggan defenders (Depths:2)
  A grey draconian (Zot:5)
  A vampire knight (Depths:3)
  A black draconian (Depths:5)
  4 deep elf demonologists
  2 pale draconians (Zot:5)
  3 yellow draconians
  3 dire elephants
  5 red draconians
  A mottled draconian (Depths:5)
  A white draconian (Depths:5)
  A green death (Depths:3)
  Snorg (Snake:3)
  7 ettins
  3 deep elf death magi
  37 vault guards
  Josephine (D:13)
  8 great orbs of eyes
  20 hydras
  2 minotaurs
  14 fire dragons
  17 yaktaur captains
  3 deep elf high priests (Vaults:5)
  11 naga warriors
  Harold (Lair:7)
  2 death cobs
  8 ice dragons
  6 rakshasas
  8 deep troll earth magi
  2 ghost crabs
  A small abomination (Vaults:5)
  4 spriggan air magi
  11 centaur warriors
  Erica (Orc:3)
  16 ogre magi
  7 anacondas
  7 alligators
  2 catoblepae
  3 tengu warriors
  8 spriggan berserkers
  11 deep troll shamans
  A vampire mage (Depths:4)
  3 orc high priests (Orc:4)
  A shock serpent (shapeshifter) (Vaults:5)
  31 death yaks
  7 naga sharpshooters
  A fire crab (shapeshifter) (Vaults:5)
  4 shock serpents
  A sun demon (Depths:5)
  7 iron trolls
  2 fire crabs (Vaults:1)
  3 salamander mystics
  14 hell knights
  3 shadow wraiths
  A skeletal warrior (D:13)
  10 deep elf knights
  A gelid demonspawn (Depths:3)
  A sea snake (shapeshifter) (Depths:3)
  A flayed ghost (Depths:3)
  An unseen horror (D:14)
  33 deep trolls
  18 swamp dragons
  A wizard (Depths:1)
  A shambling mangrove (Swamp:2)
  2 ice statues (IceCv)
  A deep troll (shapeshifter) (Depths:1)
  5 deep elf summoners
  6 harpies
  9 orc knights
  2 necromancers
  4 giant orange brains
  6 ironbrand convokers
  An infernal demonspawn (Orc:4)
  A torturous demonspawn (Orc:4)
  A naga ritualist (Snake:5)
  21 hill giants
  8 deep elf conjurers
  2 wolf spiders
  4 mana vipers
  A shadow dragon skeleton (Vaults:3)
  11 orc sorcerers
  7 griffons
  A draconian (Snake:4)
  7 cyclopes
  3 moths of wrath
  48 ugly things
  9 salamanders
  5 phantasmal warriors
  7 manticores
  14 vault sentinels
  2 moths of wrath (shapeshifter) (Vaults:5)
  An oklob plant (Lair:6)
  10 elephants
  A rust devil (Orc:4)
  6 centaur zombies
  A sixfirhy (Orc:4)
  26 black mambas
  Joseph (Orc:4)
  4 hornets
  An octopode (shapeshifter) (Vaults:5)
  2 torpor snails
  2 orange demons
  25 spiny frogs
  32 yaktaurs
  14 naga magi
  4 fire drakes
  3 freezing wraiths
  A wandering mushroom (Lab)
  3 kobold demonologists
  3 blue devils
  2 hellwings
  10 spriggan druids
  10 komodo dragons
  6 deep elf priests
  3 red devils (Orc:4)
  34 two-headed ogres
  2 human zombies (Vaults:3)
  Sonja (D:15)
  A jumping spider (Vaults:2)
  A merfolk (shapeshifter) (D:15)
  11 trolls
  Grinder (D:5)
  32 slime creatures
  A baby alligator (shapeshifter) (Vaults:2)
  A wind drake (shapeshifter) (Vaults:3)
  Prince Ribbit (D:5)
  12 polar bears
  A stone giant simulacrum (Vaults:3)
  A human simulacrum (Vaults:1)
  2 raiju (shapeshifter)
  A raiju (Lair:8)
  2 ravens (shapeshifter)
  A boulder beetle (Vaults:2)
  10 giant leeches
  10 ravens
  An air elemental (Depths:5)
  8 bog bodies
  A minotaur skeleton (Lab)
  18 blink frogs
  6 basilisks
  2 redbacks (shapeshifter)
  4 shadows
  12 redbacks
  3 wyverns
  10 deep elf magi
  5 wraiths
  39 spriggans
  2 hogs
  4 vampires
  2 water elementals (Depths:1)
  50 yaks
  A human (shapeshifter) (Vaults:3)
  A hungry ghost (D:11)
  21 vampire mosquitoes
  A golden eye (shapeshifter) (Snake:5)
  25 wolves
  14 hippogriffs
  57 nagas
  A neqoxec (Orc:4)
  7 deep elf fighters
  Edmund (D:7)
  8 insubstantial wisps
  16 wargs
  4 mottled dragons
  5 hell hounds (Lair:8)
  2 soldier ants
  58 orc warriors
  10 porcupines
  31 swamp worms
  26 water moccasins
  An ettin simulacrum (Vaults:2)
  21 swamp drakes
  17 ice beasts
  18 boggarts
  69 ogres
  14 wasps
  2 eyes of draining (shapeshifter)
  17 black bears
  A boring beetle (Lair:5)
  5 sky beasts
  4 phantoms
  A deep dwarf (shapeshifter) (Depths:1)
  24 crocodiles
  Sigmund (D:7)
  Duvessa (D:7)
  9 centaurs
  A brain worm (shapeshifter) (Vaults:5)
  27 giant frogs
  9 big kobolds
  A water moccasin zombie (D:5)
  5 scorpions
  2 killer bees (D:11)
  2 wyvern skeletons
  16 wights
  4 electric eels
  2 quasits
  21 hounds
  3 lava snakes (Lair:1)
  9 crimson imps
  3 goliath beetles
  2 giant frog zombies
  5 giant frog skeletons
  Dowan (D:7)
  2 wasp zombies
  An iron imp (Depths:3)
  41 orc wizards
  7 centaur skeletons
  5 jellies
  39 orc priests
  11 worker ants
  5 hell rats (Lair:6)
  11 iguanas
  33 sheep
  Ijyb (D:7)
  2 hound skeletons
  Terence (D:3)
  Robin (D:3)
  3 gnolls (D:3)
  22 adders
  63 river rats
  3 shadow imps
  A giant mite (D:4)
  11 worms
  An ufetubus (Vaults:3)
  15 white imps
  4 giant geckos
  3 oozes (Lair:6)
  216 orcs
  4 ball pythons
  6 bat skeletons (Depths:2)
  32 goblins
  25 hobgoblins
  11 jackals
  21 bats
  6 giant newts
  A jackal skeleton (D:6)
  21 kobolds
  12 quokkas
  A quokka skeleton (D:10)
  A quokka zombie (D:5)
  12 rats
  4 fungi (Lair:7)
  3 plants
2473 creatures vanquished.

Vanquished Creatures (collateral kills)
  An ancient lich (Zot:5)
  the Lernaean hydra (Swamp:5)
  A hellephant (Vaults:5)
  2 tentacled monstrosities
  An Orb Guardian (Zot:5)
  A lich (Depths:4)
  A titan (Vaults:5)
  A sphinx (Vaults:5)
  Roxanne (D:14)
  A shadow dragon (Vaults:3)
  A frost giant (Depths:4)
  A draconian scorcher (Zot:1)
  3 fire giants
  A balrug (Depths:5)
  A deep elf sorcerer (Vaults:5)
  2 vault wardens
  2 ironheart preservers
  Gastronok (Lair:2)
  2 very ugly things
  A draconian annihilator (Zot:5)
  3 stone giants
  2 spriggan defenders (Depths:2)
  A deep elf annihilator (Vaults:5)
  A red draconian (Zot:5)
  A fire dragon (Vaults:3)
  An ettin (Depths:3)
  A hydra (Swamp:5)
  2 vault guards (Vaults:5)
  A death cob (Zot:2)
  2 yaktaur captains
  3 naga warriors (Snake:5)
  2 ogre magi
  A spriggan air mage (Depths:2)
  A hell beast (Depths:4)
  2 deep troll shamans (Depths:4)
  3 centaur warriors
  9 deep trolls
  A sun demon (Depths:5)
  2 deep elf knights
  A hell knight (Depths:1)
  A spriggan druid (Swamp:5)
  A flayed ghost (Vaults:4)
  A harpy (Vaults:5)
  An ice statue (Depths:4)
  A swamp dragon (Swamp:5)
  An orc knight (Vaults:4)
  2 ironbrand convokers (Vaults:4)
  3 ugly things
  A mana viper (shapeshifter) (Depths:1)
  2 griffons (Vaults:1)
  A salamander (Snake:5)
  A cyclops (Depths:2)
  A hornet (Vaults:4)
  A vault sentinel (Vaults:5)
  A black mamba (Snake:5)
  2 guardian serpents (Snake:5)
  A naga mage (Snake:5)
  2 yaktaurs
  3 deep elf priests
  A jumping spider (Vaults:5)
  A freezing wraith (Vaults:5)
  2 two-headed ogres
  A slime creature (Depths:4)
  A bog body (Swamp:5)
  4 redbacks (Vaults:5)
  An air elemental (Depths:4)
  7 spriggans
  A hungry ghost (D:15)
  2 deep elf magi
  3 deep elf fighters
  3 nagas (Snake:5)
  2 vampire mosquitoes (Swamp:5)
  A swamp worm (Swamp:5)
  A water moccasin (Snake:5)
  2 orc warriors
  4 wasps
  5 boggarts
  A centaur (Swamp:1)
  A crocodile (Lair:8)
  4 ogres
  An orc priest (Orc:4)
  An orc zombie (Orc:4)
  2 river rats
  A crawling corpse (Vaults:5)
  A plant (Depths:2)
147 creatures vanquished.

Vanquished Creatures (others)
  An eldritch tentacle (Zot:5)
  A draconian scorcher (Zot:1)
  A fire giant (Depths:1)
  A spriggan defender (Depths:4)
  A very ugly thing (Depths:5)
  An ettin (Zot:1)
  4 very ugly thing zombies
  A fire dragon (Depths:3)
  A yaktaur captain (Zot:2)
  2 great orbs of eyes
  8 spectral weapons
  2 ice dragons (Depths:4)
  2 hydras
  2 centaur warriors
  3 ogre magi
  A deep troll earth mage (Depths:4)
  2 titan zombies (Vaults:5)
  A deep elf knight (Vaults:5)
  2 spriggans
  A flayed ghost (Vaults:2)
  A deep elf priest (Depths:1)
  An unseen horror (Orc:4)
  5 harpies (Swamp:5)
  2 shadow dragon zombies
  A hill giant (Snake:5)
  4 ugly thing zombies
  An iron dragon zombie (Vaults:5)
  An orb spider (Zot:5)
  3 sphinx zombies
  2 ugly things
  4 frost giant zombies
  3 cyclopes
  A stone giant zombie (Depths:3)
  A manticore (Vaults:2)
  A black mamba (Lair:6)
  A gargoyle (Snake:5)
  An emperor scorpion zombie (Depths:2)
  6 death yak zombies
  A red draconian zombie (Depths:5)
  A redback zombie (Vaults:5)
  A white draconian zombie (Depths:5)
  An iron troll zombie (Depths:4)
  4 yaktaurs
  3 harpy zombies (Vaults:4)
  13 jumping spiders (Zot:5)
  A raiju (shapeshifter) (Orc:4)
  2 two-headed ogres (Vaults:3)
  A raven (shapeshifter) (Lair:8)
  An ice dragon zombie (Depths:1)
  2 ettin zombies
  A boulder beetle (Depths:3)
  A fire dragon zombie (Depths:5)
  A griffon zombie (Vaults:3)
  A shadow (Vaults:3)
  3 redbacks (Zot:5)
  5 trapdoor spiders (Zot:5)
  A human simulacrum (Vaults:3)
  A deep elf mage (Vaults:5)
  A tarantella (Zot:5)
  A wraith (D:13)
  A deep elf fighter (Vaults:5)
  A raven zombie (Depths:1)
  5 vampire mosquitoes
  11 human zombies
  13 deep troll zombies
  A tengu zombie (Depths:1)
  2 mottled dragons (Vaults:2)
  3 wasps
  A black bear (shapeshifter) (Zot:5)
  3 boggarts (Swamp:5)
  A manticore zombie (Depths:1)
  2 orc warriors
  A centaur (Snake:5)
  2 ogres (Vaults:3)
  11 yaktaur zombies
  A crocodile (Swamp:4)
  A troll zombie (Vaults:3)
  A warg zombie (Vaults:5)
  10 spriggan zombies
  2 yak zombies (Depths:2)
  3 elf zombies
  2 centaur zombies (Depths:1)
  An elf skeleton (Vaults:5)
  2 wasp zombies (Depths:2)
  A hound (Lair:7)
  5 two-headed ogre zombies
  2 sheep
  15 ogre zombies
  9 orc zombies
  64 eldritch tentacle segments (Zot:5)
  A fungus (Lair:8)
  12 plants
  12 toadstools (Lair:6)
326 creatures vanquished.

Grand Total: 2946 creatures vanquished

Notes
Turn   | Place    | Note
--------------------------------------------------------------
     0 | D:1      | Tolias, the Kobold Skald, began the quest for the Orb.
     0 | D:1      | Reached XP level 1. HP: 12/12 MP: 3/3
   126 | D:1      | Reached skill level 1 in Stealth
   199 | D:1      | Reached skill level 3 in Short Blades
   404 | D:1      | Reached XP level 2. HP: 17/17 MP: 1/4
   946 | D:1      | Reached skill level 4 in Short Blades
   955 | D:1      | Reached XP level 3. HP: 21/21 MP: 6/6
  1352 | D:2      | Found a bloodstained altar of Trog.
  1872 | D:2      | Reached skill level 5 in Short Blades
  1872 | D:2      | Reached XP level 4. HP: 26/26 MP: 7/7
  2556 | D:3      | Learned a level 2 spell: Shroud of Golubria
  2560 | D:3      | Learned a level 3 spell: Regeneration
  2635 | D:3      | Noticed Robin
  2652 | D:3      | Reached skill level 6 in Short Blades
  2657 | D:3      | Killed Robin
  2657 | D:3      | Reached XP level 5. HP: 21/30 MP: 1/9
  2719 | D:3      | Noticed Terence
  3092 | D:3      | Found a glowing silver altar of Zin.
  3486 | D:3      | Killed Terence
  3845 | D:4      | Reached skill level 1 in Evocations
  3845 | D:4      | Reached XP level 6. HP: 35/35 MP: 4/10
  4050 | D:4      | Found a staircase to the Ecumenical Temple.
  4062 | Temple   | Entered the Ecumenical Temple
  4079 | Temple   | Became a worshipper of Warmaster Okawaru
  4844 | D:5      | Entered Level 5 of the Dungeon
  5058 | D:5      | Noticed Prince Ribbit
  5168 | D:5      | Noticed a black bear
  5181 | D:5      | Killed a black bear
  5181 | D:5      | Reached skill level 7 in Short Blades
  5181 | D:5      | Reached XP level 7. HP: 20/40 MP: 6/12
  5651 | D:5      | Acquired Okawaru's first power
  5660 | D:5      | Found a stormy altar of Qazlal.
  5662 | D:5      | Noticed a water elemental
  5662 | D:5      | Noticed a fire elemental
  5663 | D:5      | Noticed an air elemental
  5784 | D:5      | Reached skill level 8 in Short Blades
  5854 | D:5      | Noticed Grinder
  6085 | D:6      | Found a deep blue altar of Sif Muna.
  6278 | D:6      | Found a snail-covered altar of Cheibriados.
  6535 | D:6      | Reached XP level 8. HP: 34/46 MP: 4/13
  6725 | D:6      | Found an iron altar of Okawaru.
  6940 | D:6      | Reached skill level 1 in Invocations
  7178 | D:6      | Reached skill level 9 in Short Blades
  7252 | D:7      | Found a glowing golden altar of the Shining One.
  7252 | D:7      | Noticed Edmund
  7295 | D:7      | Noticed Sigmund
  7332 | D:7      | Noticed Ijyb
  7377 | D:7      | Killed Ijyb
  7419 | D:7      | Found a shimmering altar of Xom.
  7645 | D:7      | Reached skill level 5 in Fighting
  7681 | D:7      | Noticed Dowan
  7717 | D:7      | Killed Dowan
  7717 | D:7      | Reached skill level 1 in Shields
  7948 | D:7      | Reached XP level 9. HP: 50/54 MP: 8/14
  7975 | D:7      | Noticed a hill giant
  9024 | D:8      | Reached skill level 5 in Shields
  9816 | D:8      | Found a bloodstained altar of Trog.
 10291 | D:9      | Noticed a troll
 11342 | D:9      | Reached XP level 10. HP: 55/59 MP: 13/16
 11440 | D:9      | Reached skill level 10 in Short Blades
 11458 | D:9      | Noticed a cyan ugly thing
 11465 | D:9      | Noticed a three-headed hydra
 11756 | D:5      | Paralysed by Grinder for 3 turns
 11781 | D:5      | Killed Grinder
 12068 | D:5      | Killed Prince Ribbit
 12068 | D:5      | Reached skill level 11 in Short Blades
 12233 | D:7      | Killed Sigmund
 12616 | D:7      | Noticed Duvessa
 12673 | D:7      | Killed Duvessa
 12673 | D:7      | Reached skill level 12 in Short Blades
 13055 | D:7      | Killed Edmund
 13741 | D:10     | Entered Level 10 of the Dungeon
 14015 | D:10     | Noticed Erolcha
 14426 | D:9      | Reached skill level 13 in Short Blades
 14910 | D:9      | Killed a troll
 14933 | D:9      | LEAVE ME ALONE}
 15073 | D:9      | Reached skill level 14 in Short Blades
 15091 | D:8      | Reached XP level 11. HP: 61/63 MP: 10/17
 15225 | D:9      | Killed a purple ugly thing
 15765 | D:11     | Reached skill level 5 in Dodging
 15837 | D:11     | Found an opulent altar of Gozag.
 15883 | D:11     | Noticed a manticore
 15907 | D:11     | Killed a manticore
 15973 | D:11     | Noticed a white ugly thing
 15981 | D:11     | Killed a white ugly thing
 15981 | D:11     | Reached skill level 5 in Stealth
 16151 | D:11     | Noticed a hill giant
 16152 | D:11     | Noticed a hill giant
 16176 | D:11     | Killed a hill giant
 16176 | D:11     | Acquired Okawaru's second power
 16210 | D:11     | Killed a hill giant
 16212 | D:11     | Honor me with qb
 16633 | D:11     | Noticed a seven-headed hydra
 16676 | D:11     | Noticed a cyclops
 16890 | D:11     | Noticed an ogre mage
 16905 | D:11     | Received a gift from Okawaru
 16907 | D:11     | plsbeinvisplsbeinvisplsbeinvis
 16912 | D:11     | YAY
 17017 | D:10     | Noticed a hill giant
 17024 | D:10     | Killed a hill giant
 17034 | D:10     | Noticed a hill giant
 17044 | D:10     | Killed a hill giant
 17131 | D:10     | Noticed an elephant
 17132 | D:10     | Found a staircase to the Lair.
 17147 | D:10     | Killed an elephant
 17147 | D:10     | Reached skill level 5 in Evocations
 17147 | D:10     | Reached XP level 12. HP: 72/72 MP: 17/20
 17160 | Lair:1   | Entered Level 1 of the Lair of Beasts
 17615 | Lair:1   | Reached skill level 10 in Stealth
 19371 | Lair:2   | Noticed Gastronok
 19646 | Lair:3   | Received a gift from Okawaru
 19740 | Lair:3   | Reached skill level 5 in Invocations
 19740 | Lair:3   | Reached XP level 13. HP: 76/76 MP: 23/25
 19765 | Lair:3   | Found a staircase to the Swamp.
 19850 | Lair:3   | Received a gift from Okawaru
 21083 | Lair:5   | Received a gift from Okawaru
 21329 | Lair:5   | Found a labyrinth entrance.
 21352 | Lab      | Entered a labyrinth
 23745 | Lab      | Noticed a minotaur
 23750 | Lab      | Killed a minotaur
 23754 | Lab      | Identified a +8 rod of shadows (10/10) (You found it in a labyrinth)
 23777 | Lair:5   | Learned a level 2 spell: Repel Missiles
 23781 | Lair:5   | Learned a level 3 spell: Flight
 23785 | Lair:5   | Learned a level 3 spell: Spectral Weapon
 24029 | Lair:5   | Reached skill level 15 in Stealth
 24029 | Lair:5   | Reached skill level 10 in Evocations
 24097 | Lair:5   | Found a staircase to the Snake Pit.
 24618 | Lair:6   | Found a staircase to the Slime Pits.
 24711 | Lair:6   | Reached XP level 14. HP: 76/82 MP: 25/27
 24990 | Lair:6   | Received a gift from Okawaru
 24995 | Lair:6   | took you long enough
 25062 | Lair:6   | Reached skill level 16 in Stealth
 25185 | Lair:6   | Identified a scroll of acquirement
 25726 | Lair:6   | Reached skill level 1 in Armour
 25798 | Lair:7   | Noticed Harold
 26161 | Lair:7   | Received a gift from Okawaru
 26389 | Lair:7   | Killed Harold
 26954 | Lair:8   | Entered Level 8 of the Lair of Beasts
 26971 | Lair:8   | Reached skill level 5 in Armour
 26990 | Lair:8   | Found a frozen archway.
 27048 | IceCv    | Entered an ice cave
 27389 | Lair:8   | Received a gift from Okawaru
 27954 | Lair:8   | Noticed Maud
 28215 | Lair:8   | Killed Maud
 28215 | Lair:8   | Received a gift from Okawaru
 28215 | Lair:8   | Reached XP level 15. HP: 86/86 MP: 24/29
 28225 | Lair:8   | Got a pitted ring mail {god gift}
 28236 | Lair:8   | Identified the -3 ring mail of the Prince {god gift, rC- rCorr Str+6} (Okawaru gifted it to you on level 8 of the Lair of Beasts)
 28237 | Lair:8   | ahaha
 28313 | Lair:8   | Gained mutation: Your spells are a little easier to cast, but a little less powerful. [mutagenic glow]
 29937 | Lair:2   | Killed Gastronok
 29937 | Lair:2   | Received a gift from Okawaru
 30406 | D:11     | Killed a seven-headed hydra
 30439 | D:11     | Reached skill level 1 in Hexes
 30542 | D:11     | Noticed a hill giant
 30543 | D:11     | Noticed a hill giant
 30545 | D:11     | Noticed a hill giant
 30546 | D:11     | Noticed a hill giant
 30546 | D:11     | Noticed a hill giant
 30567 | D:11     | Killed a hill giant
 30567 | D:11     | Reached skill level 1 in Necromancy
 30578 | D:11     | Killed a hill giant
 30594 | D:11     | Killed a hill giant
 30622 | D:11     | Killed a hill giant
 30639 | D:11     | Killed a hill giant
 30689 | D:11     | Noticed a hill giant
 30689 | D:11     | Noticed a hill giant
 30689 | D:11     | Noticed a hill giant
 30704 | D:11     | Killed a hill giant
 30719 | D:11     | Killed a hill giant
 30730 | D:11     | Killed a hill giant
 30747 | D:11     | Noticed a hill giant
 30747 | D:11     | Noticed a hill giant
 30747 | D:11     | Noticed a hill giant
 30755 | D:11     | Noticed a cyclops
 30757 | D:11     | Killed a hill giant
 30758 | D:11     | Killed a hill giant
 30759 | D:11     | Killed a hill giant
 30760 | D:11     | Noticed a cyclops
 30760 | D:11     | Noticed a fire giant
 30774 | D:11     | Killed a fire giant
 30779 | D:11     | Killed a cyclops
 30782 | D:11     | Killed a cyclops
 30816 | D:11     | Got a warped wooden ring
 30818 | D:11     | Identified the cursed ring "Lerhopri" {rElec MR+ Str-2 Int-5 Dex+6 Slay+3} (You found it on level 11 of the Dungeon)
 30957 | D:11     | Killed an ogre mage
 31120 | D:12     | Received a gift from Okawaru
 31138 | D:12     | Noticed a tengu reaver
 31154 | D:12     | Killed a tengu reaver
 31496 | D:12     | Reached XP level 16. HP: 96/96 MP: 28/30
 31527 | D:12     | Found a staircase to the Orcish Mines.
 32254 | Orc:1    | Entered Level 1 of the Orcish Mines
 32433 | Orc:1    | Found Ajiam's Gadget Shop.
 32457 | Orc:1    | Bought a +0 lightning rod (11/11) for 880 gold pieces
 32481 | Orc:1    | Reached skill level 5 in Hexes
 32741 | Orc:1    | You fall through a shaft!
 32982 | Orc:1    | Reached skill level 5 in Necromancy
 33178 | Orc:2    | Received a gift from Okawaru
 33178 | Orc:2    | Reached skill level 5 in Charms
 33770 | Orc:3    | Noticed Erica
 33779 | Orc:3    | Killed Erica
 34051 | Orc:3    | Found a staircase to the Elven Halls.
 34424 | Orc:4    | Entered Level 4 of the Orcish Mines
 34511 | Orc:4    | Noticed Joseph
 34517 | Orc:4    | Killed Joseph
 35047 | Orc:4    | Found Raaff's Food Shop.
 35050 | Orc:4    | Found Cext's General Store.
 35325 | Orc:4    | Received a gift from Okawaru
 35347 | Orc:4    | Reached skill level 10 in Dodging
 35559 | Orc:4    | Reached skill level 10 in Fighting
 35578 | Orc:4    | Found Baol's Antique Weapon Shoppe.
 35578 | Orc:4    | Found Ghouq's Book Emporium.
 35578 | Orc:4    | Found a one-way gate leading to the halls of Pandemonium.
 35954 | D:13     | Found a shadowy altar of Dithmenos.
 36084 | D:13     | Noticed Josephine
 36103 | D:13     | Found a gate to the Vaults.
 36309 | D:13     | Received a gift from Okawaru
 36313 | D:13     | Got a jewelled ring mail {god gift}
 36324 | D:13     | Identified the +0 ring mail of Death's Door {god gift, MP+9 Str-3 Dex+4} (Okawaru gifted it to you on level 13 of the Dungeon)
 36428 | D:13     | Reached XP level 17. HP: 104/104 MP: 31/31
 36664 | D:13     | Killed Josephine
 37253 | D:13     | You fall through a shaft!
 38337 | D:14     | Noticed Roxanne
 38394 | D:14     | Killed Roxanne
 38563 | D:15     | Entered Level 15 of the Dungeon
 38767 | D:15     | Received a gift from Okawaru
 38768 | D:15     | Found a staircase to the Depths.
 38900 | D:15     | Noticed Louise
 38915 | D:15     | Killed Louise
 39018 | D:15     | Noticed Sonja
 39033 | D:15     | Killed Sonja
 39806 | Snake:1  | Entered Level 1 of the Snake Pit
 40436 | Snake:2  | Found Beopryqas' Food Boutique.
 40551 | Snake:2  | Found Skafihai's Book Shoppe.
 41771 | Snake:3  | Noticed Nikola
 41780 | Snake:3  | Killed Nikola
 41780 | Snake:3  | Received a gift from Okawaru
 41993 | Snake:3  | Noticed Snorg
 42021 | Snake:3  | Killed Snorg
 42430 | Snake:3  | Reached XP level 18. HP: 115/115 MP: 32/32
 42970 | Snake:4  | Found a flickering gateway to a bazaar.
 42992 | Bazaar   | Entered a bazaar
 43006 | Bazaar   | Found Veowyewn's Food Emporium.
 43021 | Bazaar   | Found Bliuw's Magic Scroll Shoppe.
 43034 | Bazaar   | Bought a scroll of recharging for 104 gold pieces
 43045 | Bazaar   | Found Keganuwy's Gadget Emporium.
 43045 | Bazaar   | Found Styney's Food Shoppe.
 43049 | Bazaar   | Bought a +6 rod of inaccuracy (14/14) for 1285 gold pieces
 43066 | Bazaar   | Found Balyfab's Magic Scroll Emporium.
 43066 | Bazaar   | Found Efec's Food Shoppe.
 43095 | Bazaar   | Bought a scroll of brand weapon for 260 gold pieces
 43100 | Bazaar   | lolol
 43107 | Bazaar   | Bought a scroll of enchant weapon for 97 gold pieces
 43112 | Bazaar   | Bought a scroll of blinking for 97 gold pieces
 43112 | Bazaar   | Bought 3 scrolls of teleportation for 117 gold pieces
 43112 | Bazaar   | Bought a scroll of teleportation for 39 gold pieces
 43112 | Bazaar   | Bought a scroll of teleportation for 39 gold pieces
 43141 | Bazaar   | Bought 3 scrolls of remove curse for 99 gold pieces
 43141 | Bazaar   | Bought a scroll of magic mapping for 38 gold pieces
 43141 | Bazaar   | Bought a scroll of magic mapping for 38 gold pieces
 43141 | Bazaar   | Bought a scroll of blinking for 82 gold pieces
 43141 | Bazaar   | Bought a scroll of identify for 22 gold pieces
 43141 | Bazaar   | Bought a scroll of identify for 22 gold pieces
 43188 | Bazaar   | Bought a scroll of identify for 26 gold pieces
 43188 | Bazaar   | Bought a scroll of identify for 26 gold pieces
 43668 | Snake:5  | Entered Level 5 of the Snake Pit
 44226 | Snake:5  | Received a gift from Okawaru
 44966 | Snake:5  | Received a gift from Okawaru
 45119 | Snake:5  | Got a serpentine rune of Zot
 45249 | Snake:5  | Noticed timbw's ghost (mighty HOAM)
 45269 | Snake:5  | Killed timbw's ghost
 45770 | Swamp:1  | Entered Level 1 of the Swamp
 45889 | Swamp:1  | Reached XP level 19. HP: 68/120 MP: 31/33
 46507 | Swamp:2  | Got a slimy ring mail
 46544 | Swamp:2  | Identified the cursed -8 ring mail of Myumolie {Int+6 SInv} (You found it on level 2 of the Swamp)
 47214 | Swamp:3  | Received a gift from Okawaru
 47218 | Swamp:3  | Got an ichor-stained chain mail {god gift}
 47219 | Swamp:3  | Identified the +5 chain mail "Lipei" {god gift, +Fly} (Okawaru gifted it to you on level 3 of the Swamp)
 47882 | Swamp:4  | Reached skill level 1 in Air Magic
 48206 | Swamp:4  | Noticed Saint Roka
 48231 | Swamp:4  | Killed Saint Roka
 48491 | Swamp:4  | Found a burning altar of Makhleb.
 48505 | Swamp:4  | Reached skill level 15 in Fighting
 48910 | Swamp:5  | Entered Level 5 of the Swamp
 48934 | Swamp:5  | Reached skill level 17 in Stealth
 49273 | Swamp:5  | Learned a level 2 spell: Blink
 49314 | Swamp:5  | Reached skill level 1 in Translocations
 49608 | Swamp:5  | Noticed the 27-headed Lernaean hydra
 49661 | Swamp:5  | Killed the 27-headed Lernaean hydra
 49661 | Swamp:5  | Received a gift from Okawaru
 49661 | Swamp:5  | Received a gift from Okawaru
 49672 | Swamp:5  | Reached skill level 5 in Translocations
 49801 | Swamp:5  | Got a decaying rune of Zot
 50368 | Orc:4    | Bought a book of Necromancy for 450 gold pieces
 50371 | Orc:4    | Learned a level 1 spell: Animate Skeleton
 50376 | Orc:4    | Learned a level 4 spell: Animate Dead
 50527 | Vaults:1 | Entered Level 1 of the Vaults
 50542 | Vaults:1 | Reached XP level 20. HP: 120/129 MP: 34/34
 50941 | Vaults:1 | Received a gift from Okawaru
 51235 | Vaults:1 | Received a gift from Okawaru
 51713 | Vaults:1 | Reached skill level 10 in Translocations
 51848 | Vaults:1 | Found Shomyum's Armour Boutique.
 52003 | Vaults:2 | Found Cludumu's Armour Shoppe.
 52006 | Vaults:2 | Received a gift from Okawaru
 52010 | Vaults:2 | Bought the +1 helmet "Nama" {rN+ Int+5 SInv} for 531 gold pieces
 52040 | Vaults:2 | Got an encrusted chain mail {god gift}
 52051 | Vaults:2 | Identified the +11 chain mail "Ghue" {god gift, Int+8} (Okawaru gifted it to you on level 2 of the Vaults)
 52051 | Vaults:2 | hmmmmm
 52137 | Vaults:2 | Found Lyutal's Antique Armour Shoppe.
 52983 | Vaults:2 | Reached XP level 21. HP: 136/136 MP: 35/35
 53002 | Vaults:2 | Received a gift from Okawaru
 53058 | Vaults:2 | Got a bloodstained helmet {god gift}
 53069 | Vaults:2 | Identified the +2 helmet of the Echidna {god gift, rF+ MP+9} (Okawaru gifted it to you on level 2 of the Vaults)
 53122 | Vaults:2 | Found Xorhoopn's Antique Weapon Shop.
 53365 | Vaults:2 | Reached skill level 15 in Dodging
 53719 | Vaults:3 | Found a portal to a secret trove of treasure.
 53953 | Vaults:3 | Found a staircase to the Crypt.
 54461 | Vaults:3 | Got an ancient steel ring
 54463 | Vaults:3 | Identified the ring "Phessix" {Fire rN+ Str-3 Int+4} (You found it on level 3 of the Vaults)
 54720 | Vaults:3 | Received a gift from Okawaru
 55255 | Vaults:4 | Received a gift from Okawaru
 55268 | Vaults:4 | Got a crude helmet {god gift}
 55279 | Vaults:4 | Identified the +0 helmet "Trusted Companion" {god gift, rElec Int-5 Dex+4 SInv Stlth-} (Okawaru gifted it to you on level 4 of the Vaults)
 55812 | Vaults:4 | Reached skill level 5 in Spellcasting
 56272 | Vaults:4 | Reached XP level 22. HP: 143/143 MP: 35/35
 56620 | Depths:1 | Entered Level 1 of the Depths
 56833 | Depths:1 | Received a gift from Okawaru
 57132 | Depths:1 | Received a gift from Okawaru
 57167 | Depths:1 | Found a gateway to Hell.
 57311 | Depths:1 | Found a one-way gate to the infinite horrors of the Abyss.
 57398 | Depths:1 | Found Clu Taa's Weapon Boutique.
 57913 | Depths:2 | Found a bloodstained altar of Trog.
 57993 | Depths:2 | Received a gift from Okawaru
 58639 | Depths:2 | Received a gift from Okawaru
 58639 | Depths:2 | Reached skill level 18 in Stealth
 59105 | Depths:2 | Noticed the Enchantress
 59803 | Depths:2 | Reached XP level 23. HP: 149/149 MP: 37/37
 59910 | Depths:2 | Killed the Enchantress
 59913 | Depths:2 | Got a faerie dragon armour
 59915 | Depths:2 | Identified the +0 faerie dragon armour {rC+ Stlth+} (You took it off the Enchantress on level 2 of the Depths)
 59935 | Depths:2 | Received a gift from Okawaru
 59964 | Depths:3 | Reached skill level 15 in Evocations
 59983 | Depths:3 | Found Duokaid's Weapon Emporium.
 59984 | Depths:3 | Reached skill level 19 in Stealth
 61234 | Depths:3 | Received a gift from Okawaru
 61323 | Depths:3 | Reached skill level 20 in Stealth
 61413 | Depths:4 | Found a gateway to a ziggurat.
 61414 | Depths:4 | Paralysed by a giant eyeball for 4 turns
 61418 | Depths:4 | oh lawdy
 61420 | Depths:4 | Paralysed by a giant eyeball for 2 turns
 61533 | Depths:4 | Received a gift from Okawaru
 62066 | Depths:5 | Entered Level 5 of the Depths
 62067 | Depths:5 | Reached skill level 21 in Stealth
 62293 | Depths:4 | Reached XP level 24. HP: 156/156 MP: 38/38
 62767 | Orc:4    | Bought a book of Spatial Translocations for 975 gold pieces
 62769 | Orc:4    | Learned a level 1 spell: Apportation
 62774 | Orc:4    | Learned a level 4 spell: Control Undead
 62779 | Orc:4    | Learned a level 4 spell: Passage of Golubria
 62783 | Orc:4    | Learned a level 3 spell: Vampiric Draining
 63314 | Depths:4 | Received a gift from Okawaru
 63372 | Depths:4 | Got a pair of translucent boots {god gift}
 63383 | Depths:4 | Identified the +0 pair of boots of Ithraigei {god gift, rElec rPois rF- Int+3 Slay+5} (Okawaru gifted it to you on level 4 of the Depths)
 63815 | Elf:1    | Entered Level 1 of the Elven Halls
 64591 | Elf:2    | Noticed Kirke
 64710 | Orc:4    | Bought a scroll of enchant armour for 105 gold pieces
 65468 | Depths:4 | Reached skill level 10 in Armour
 65841 | Depths:4 | Reached skill level 10 in Necromancy
 66175 | Depths:4 | Got an ichor-stained plate armour {god gift}
 66176 | Depths:4 | Identified the +9 plate armour of Prudence {god gift, Contam +Inv +Fly rC+ Str+3} (Okawaru gifted it to you on level 4 of the Depths)
 66434 | Depths:5 | Received a gift from Okawaru
 66451 | Depths:5 | Got a slimy short sword {god gift}
 66453 | Depths:5 | Identified the +5 short sword "Kustraekk" {god gift, flame, rC+ Stlth+} (Okawaru gifted it to you on level 5 of the Depths)
 67186 | Depths:5 | Received a gift from Okawaru
 67484 | Depths:5 | Found a gate to the Realm of Zot.
 67982 | Vaults:5 | Entered Level 5 of the Vaults
 68064 | Vaults:5 | Reached XP level 25. HP: 131/161 MP: 39/39
 68819 | Vaults:5 | Received a gift from Okawaru
 69328 | Vaults:5 | Got a translucent rapier {pain}
 69342 | Vaults:5 | Identified the +7 rapier "Lonti" {pain, rC- MR++ Int+2} (You took it off a vault guard on level 5 of the Vaults)
 69917 | Vaults:5 | Got a silver rune of Zot
 69919 | Vaults:5 | Got a jewelled dagger
 69920 | Vaults:5 | Identified the +6 dagger of the Inferno {pierce, rPois} (You found it on level 5 of the Vaults)
 70056 | Vaults:5 | Received a gift from Okawaru
 70297 | Vaults:5 | Reached XP level 26. HP: 110/168 MP: 40/40
 70406 | Vaults:5 | Received a gift from Okawaru
 71281 | Zot:1    | Entered Level 1 of the Realm of Zot
 71482 | Zot:1    | Noticed an orb of fire
 71577 | Zot:1    | Gained mutation: Your body is slowly deteriorating. [an orb of fire]
 71582 | Zot:1    | Gained mutation: You are frail (-10% HP). [an orb of fire]
 73326 | Orc:1    | Bought a fan of gales for 440 gold pieces
 73326 | Orc:1    | Bought a sack of spiders for 220 gold pieces
 74055 | Zot:3    | Received a gift from Okawaru
 74119 | Zot:5    | Entered Level 5 of the Realm of Zot
 74684 | Zot:5    | Noticed an ancient lich
 74695 | Zot:5    | Killed an ancient lich
 74741 | Zot:5    | Noticed an orb of fire
 74752 | Zot:5    | Gained mutation: You are very frail (-20% HP). [an orb of fire]
 74754 | Zot:5    | Killed an orb of fire
 74783 | Zot:5    | Noticed an orb of fire
 74829 | Zot:5    | no dont haste
 74834 | Zot:5    | Gained mutation: You passively map a small area around you. [an orb of fire]
 74843 | Zot:5    | Gained mutation: You expend magic power (3 MP) to slightly strengthen your wands. [an orb of fire]
 74963 | Zot:5    | Noticed an orb of fire
 74964 | Zot:5    | Gained mutation: Armour fits poorly on your strangely shaped body. [an orb of fire]
 74966 | Zot:5    | Noticed an ancient lich
 74966 | Zot:5    | Noticed an ancient lich
 75045 | Zot:5    | Noticed an orb of fire
 75072 | Zot:5    | Killed an orb of fire
 75072 | Zot:5    | Reached XP level 27. HP: 140/142 MP: 41/41
 75110 | Zot:5    | Gained mutation: Your magical capacity is low (-10% MP). [an orb of fire]
 75114 | Zot:5    | Noticed an orb of fire
 75130 | Zot:5    | Gained mutation: Your spells are easier to cast, but less powerful. [an orb of fire]
 75186 | Zot:5    | Gained mutation: Scrolls take you a little longer to read. [an orb of fire]
 75210 | Zot:5    | Gained mutation: Your body is deteriorating. [an orb of fire]
 75214 | Zot:5    | Killed an orb of fire
 75246 | Zot:5    | Killed an orb of fire
 75261 | Zot:5    | Lost mutation: You expend magic power (3 MP) to slightly strengthen your wands. [potion of cure mutation]
 75261 | Zot:5    | Lost mutation: Your magical capacity is low (-10% MP). [potion of cure mutation]
 75261 | Zot:5    | Lost mutation: Your body is deteriorating. [potion of cure mutation]
 75261 | Zot:5    | Lost mutation: Scrolls take you a little longer to read. [potion of cure mutation]
 75261 | Zot:5    | Lost mutation: Your body is slowly deteriorating. [potion of cure mutation]
 75261 | Zot:5    | Lost mutation: You passively map a small area around you. [potion of cure mutation]
 75311 | Zot:5    | Noticed an ancient lich
 75324 | Zot:5    | Killed an ancient lich
 75415 | Zot:5    | Noticed an orb of fire
 75663 | Zot:5    | Gained mutation: You expend magic power (3 MP) to slightly strengthen your wands. [an orb of fire]
 75674 | Zot:5    | Gained mutation: You occasionally shout uncontrollably at your foes. [an orb of fire]
 75684 | Zot:5    | Gained mutation: Your body is slowly deteriorating. [an orb of fire]
 75693 | Zot:5    | Gained mutation: You are extremely frail (-30% HP). [an orb of fire]
 75696 | Zot:5    | Gained mutation: Your body is deteriorating. [an orb of fire]
 75712 | Zot:5    | Killed an orb of fire
 75764 | Zot:5    | Shit
 75770 | Zot:5    | Killed from afar by a mottled draconian knight

Action                   |  1- 3 |  4- 6 |  7- 9 | 10-12 | 13-15 | 16-18 | 19-21 | 22-24 | 25-27 || total
-------------------------+-------+-------+-------+-------+-------+-------+-------+-------+-------++-------
Melee: Short sword       |   133 |   237 |    84 |       |       |       |       |       |       ||   454
       Rapier            |       |       |   549 |  1357 |   307 |   606 |  1934 |  1804 |   972 ||  7529
       Dagger            |       |       |       |       |    20 |       |       |       |       ||    20
       Quick blade       |       |       |       |       |  1353 |  1666 |    36 |    52 |   361 ||  3468
 Fire: Hunting sling     |       |     3 |     8 |    32 |       |       |       |       |       ||    43
       Blowgun           |       |       |       |       |    15 |     1 |     2 |       |     3 ||    21
Throw: Stone             |     6 |    10 |    12 |     8 |       |       |       |       |       ||    36
       Throwing net      |       |       |       |       |       |       |     1 |       |     4 ||     5
       Tomahawk          |       |       |       |       |       |       |       |     1 |       ||     1
 Cast: Infusion          |    13 |    26 |    42 |    33 |       |       |       |     1 |       ||   115
       Shroud of Golubri |       |     1 |     2 |     1 |       |     1 |       |       |       ||     5
       Repel Missiles    |       |       |       |       |     1 |    18 |     5 |     7 |     7 ||    38
       Regeneration      |       |       |       |       |       |    24 |    37 |   103 |    98 ||   262
       Flight            |       |       |       |       |       |       |     2 |     2 |     1 ||     5
       Spectral Weapon   |       |       |       |       |       |       |     1 |     3 |    10 ||    14
       Animate Dead      |       |       |       |       |       |       |    14 |    29 |    12 ||    55
       Blink             |       |       |       |       |       |       |       |     6 |     7 ||    13
       Vampiric Draining |       |       |       |       |       |       |       |    12 |     2 ||    14
Invok: Heroism           |       |       |    10 |    29 |     8 |     6 |     2 |     4 |     2 ||    61
 Abil: Evoke Invisibilit |       |       |       |     9 |    33 |    24 |    23 |    19 |    14 ||   122
       Turn Visible      |       |       |       |     2 |     9 |    12 |    13 |     7 |     4 ||    47
Evoke: Wand              |       |     2 |     1 |     1 |     5 |    11 |    19 |    16 |    17 ||    72
       Deck              |       |       |       |     1 |       |       |       |     6 |       ||     7
       Rod               |       |       |       |       |     9 |    40 |    58 |   103 |    56 ||   266
       Sack of spiders   |       |       |       |       |       |       |       |       |    11 ||    11
  Use: Scroll            |     1 |     6 |    13 |    13 |    15 |    17 |    14 |    23 |    16 ||   118
       Potion            |     1 |       |       |     2 |     1 |     3 |     2 |     2 |     5 ||    16
 Stab: Sleeping          |     2 |       |     4 |    35 |   124 |   136 |    58 |    71 |    21 ||   451
       Distracted        |       |       |     2 |     2 |     3 |    18 |    19 |    29 |    21 ||    94
       Invisible         |       |       |       |    14 |    82 |    90 |   132 |    82 |    26 ||   426
       Fleeing           |       |       |       |       |     1 |       |       |       |       ||     1
       Paralysed         |       |       |       |       |       |     2 |     1 |     1 |     5 ||     9
       Petrifying        |       |       |       |       |       |     1 |     1 |     1 |     8 ||    11
       Held in net/web   |       |       |       |       |       |       |     1 |       |     3 ||     4
       Petrified         |       |       |       |       |       |       |       |       |     2 ||     2
  Eat: Chunk             |    11 |    12 |    22 |    40 |    50 |    58 |    62 |    59 |    29 ||   343
       Pizza             |       |       |       |       |     2 |     3 |     1 |       |     1 ||     7
       Beef jerky        |       |       |       |       |     1 |       |       |       |       ||     1
       Royal jelly       |       |       |       |       |     1 |     1 |     2 |     6 |     8 ||    18
